 Dungeon Crawl Stone Soup version 0.31-a0-986-g5e6e4ef867 (webtiles) character file.

Game seed: 4905537191188444634

1 croobank the Sneak (level 1, -1/18 HPs)
             Began as a Demigod Delver on Nov 10, 2023.
             Slain by an orc
             ... wielding a +0 hand axe
              (5 damage)
             ... on level 3 of the Dungeon.
             The game lasted 00:01:07 (90 turns).

croobank the Sneak (Demigod Delver)                   Turns: 90, Time: 00:01:08

Health: -1/18      AC:  3    Str: 13    XL:     1   Next: 13%
Magic:  3/3        EV: 12    Int: 12    God:
Gold:   9          SH:  0    Dex: 15    Spells: 0/0 levels left

rFire   . . .        a - +0 short sword
rCold   . . .        (no shield)
rNeg    . . .        b - +0 leather armour
rPois   .            (no helmet)
rElec   .            (no cloak)
rCorr   .            (no gloves)
SInv    .            (no boots)
Will    .....        (no amulet)
Stlth   +++          (no ring)
HPRegen 0.23/turn    (no ring)
MPRegen 0.08/turn

%: no passive effects
@: hasted, very quick
A: high MP 1, forlorn, divine attributes
a: no special abilities


You were on level 3 of the Dungeon.
You visited 1 branch of the dungeon, and saw 4 of its levels.

You collected 9 gold pieces.

Inventory:

Hand Weapons
 a - a +0 short sword (weapon)
Armour
 b - a +0 leather armour (worn)
Wands
 g - a wand of digging (3)


   Skills:
 + Level 2.7 Fighting
 + Level 1.8 Short Blades
 + Level 1.8 Dodging
 + Level 4.5 Stealth


You couldn't memorise any spells.
You didn't know any spells.
Your spell library was empty.

Dungeon Overview and Level Annotations

Branches:
Dungeon (6/15)
 Temple: D:4-7


Innate Abilities, Weirdness & Mutations

You have an increased reservoir of magic. (+10% MP)
You shall have no god before yourself.
Your divine heritage dramatically boosts your attributes as you level up.


Message History

You miss the jackal. The jackal misses you.
You hit the jackal.
The jackal is lightly wounded.
The jackal bites you. x2
You feel yourself speed up.
You hit the jackal but do no damage. The jackal attacks as it pursues you!
The jackal misses you.
An orc and an orc wizard come into view.
The orc wizard moves out of view.
You see here a scroll labelled KAMUQO EFUMA.
Found a dagger.
Found a robe.
An orc wizard comes into view. It is wielding a +0 dagger.
The orc wizard shouts! x2
You hit the jackal but do no damage. You hit the jackal.
The jackal is heavily wounded.
The jackal barely misses you.
You hit the jackal.
You kill the jackal!
You hit the jackal.
The jackal is moderately wounded.
The jackal barely misses you.
You hit the jackal.
The jackal is severely wounded.
The jackal closely misses you.
The orc wizard hits you with a +0 dagger.
As you read the scroll of fog, it dissolves into smoke.
The jackal misses you.
You are too injured to fight recklessly!
You closely miss the jackal.
The jackal is severely wounded.
The orc wizard hits you with a +0 dagger.
The orc hits you with a +0 hand axe.
* * * LOW HITPOINT WARNING * * *
The jackal completely misses you.
You hit the jackal.
You kill the jackal!
The orc wizard misses you. The orc hits you with a +0 hand axe.
You die...

.## ####
#.....(..#
.[.###..#
#........#
........#
###........#
.........
..........#
........#
#........#
.....§§o#
#........#
.....§oo#
#........#
#@#
##...>....#
#h##
#....#####..
#§§####.#####
##.?...h....#
##...>.....#
#.........#
#.........#
#....$......
#.........##.


You could see 2 orc wizards, an orc and a jackal.

Vanquished Creatures
  2 jackals (D:3)
2 creatures vanquished.

Notes
Turn   | Place    | Note
-------+----------+-------------------------------------------
     0 | D:5      | croobank the Demigod Delver began the quest for the Orb.
     0 | D:5      | Reached XP level 1. HP: 18/18 MP: 3/3
     1 | D:6      | Noticed a black bear
    24 | D:5      | Noticed an ice beast
    34 | D:4      | Noticed an orc priest
    46 | D:4      | Noticed an orc priest
    79 | D:3      | Noticed an orc wizard
    82 | D:3      | Noticed an orc wizard
    90 | D:3      | Slain by an orc

Illustrated notes

Levels and vault maps discovered:
D:3:      layout_rooms, nicolae_dithmenos_through_a_glass_darkly,
          mainiacjoe_overflow_cross_hatched, nicolae_hepliaklqana_hazy_memory,
          lemuel_doored_altar, xom_confusion_cloud, minmay_misc_feat_pillars,
          chequers_jeans, amethyst_killhole
D:4:      layout_basic, nicolae_ru_the_path_less_chosen, kennysheep_mini_moat,
          uniq_crazy_yiuf_cottage, uniq_blork_the_orc, uniq_natasha
D:5:      wander_river, layout_rooms, minmay_temple_entry_drinking_statues
D:6:      layout_layer_cave, ashenzari_altar_1, grunt_decor_junction

Action                     || total
---------------------------++-------
  Melee: Short sword       ||    11
    Use: Scroll            ||     3
         Potion            ||     1
 Armour: Leather armour    ||     8
  Dodge: Dodged            ||     8

Table legend: (Time is in decaauts)
 A = Elapsed time spent in this place.
 B = Non-inter-level travel time spent in this place.
 C = Inter-level travel time spent in this place.
 D = Time resting spent in this place.
 E = Time spent auto-exploring this place.
 F = Levels seen in this place.
 G = Mean time per level.
                   A        B        C        D        E       F      G
               +--------+--------+--------+--------+--------+-----+--------+
         Total |     84 |     84 |      0 |      0 |      9 |   4 |   21.0 |
       Dungeon |     84 |     84 |      0 |      0 |      9 |   4 |   21.0 |
               +--------+--------+--------+--------+--------+-----+--------+

Top non-repeatable levels by time:
     D:4: 30 daAuts
     D:3: 25 daAuts
     D:5: 24 daAuts
     D:6: 3 daAuts
